AoeStats
← Melon-Lord

MegaRandom

508034302Analyzed
3v3 RM · 11d ago on Sep 20, 2026· 53m 0s· 6 players
Game mode
Random Map
Map size
Normal (6 player)
Population
200
Speed
Normal
Resources
Standard
Victory
Conquest
Starting age
Dark Age
Ending age
Imperial Age
RankedLock teamsTeams togetherTeam positionsShared explorationLock speedFull tech treeHidden civsTurbo modeCheats
Victory
Defeat
🇬🇧 Magyars · United Kingdom
1158
+14
🇺🇸 Armenians · United States
1157
+14
🇵🇱 Koreans · Poland
1138
+15
🇫🇷 Franks · France
1161
-15
🇰🇿 Malians · Kazakhstan
1153
-16
🇫🇷 Japanese · France
1057
-12
skoddex
8:48 Loom
14:56 Feudal Age
15:32 Double-Bit Axe
19:19 Castle Age
22:01 Wheelbarrow
22:09 Medium Warships
23:19 Pikeman
26:39 Wheelbarrow
26:34 Town Watch
30:45 Hand Cart
31:34 Gold Mining
31:15 Elite Skirmisher
34:54 Forging
34:34 Fletching
34:45 Padded Archer Armor
39:25 Imperial Age
37:15 Scale Barding Armor
37:16 Scale Mail Armor
37:29 Murder Holes
37:51 Squires
39:24 Bodkin Arrow
40:05 Iron Casting
39:46 Leather Archer Armor
39:35 Halberdier
40:36 Chain Mail Armor
42:16 Chemistry
42:26 Cavalier
43:07 Husbandry
44:51 Blast Furnace
43:57 Scale Barding Armor
44:16 Conscription
44:49 Bow Saw
45:17 Gold Shaft Mining
45:29 Chivalry
45:17 Paladin
47:55 Chain Barding Armor
48:06 Plate Mail Armor
Melon-Lord
7:16 Loom
11:00 Feudal Age
11:32 Man-at-Arms
13:57 Scale Mail Armor
14:37 Arson
15:45 Double-Bit Axe
16:54 Forging
17:32 Horse Collar
24:47 Castle Age
25:23 Castle Age
23:41 Gold Mining
23:50 Fletching
24:01 Padded Archer Armor
25:18 Bloodlines
26:31 Thumb Ring
26:24 Bodkin Arrow
26:44 Leather Archer Armor
27:05 Iron Casting
26:45 Chain Mail Armor
26:47 Squires
29:39 Wheelbarrow
29:21 Heavy Plow
29:48 Town Watch
32:57 Bow Saw
32:26 Long Swordsman
32:52 Gambesons
34:09 Ballistics
34:54 Hand Cart
34:23 Pikeman
35:43 Town Patrol
36:22 Husbandry
36:19 Stone Mining
40:47 Imperial Age
43:26 Gold Shaft Mining
45:45 Imperial Age
48:23 Conscription
48:20 Halberdier
49:36 Bracer
50:06 Ring Archer Armor
49:58 Heavy Cavalry Archer
Miladin009
5:12 Loom
11:45 Feudal Age
11:58 Man-at-Arms
13:46 Horse Collar
18:44 Double-Bit Axe
26:30 Castle Age
26:51 Forging
27:24 Wheelbarrow
26:56 Elite Skirmisher
30:18 Fletching
30:29 Padded Archer Armor
31:13 Long Swordsman
33:13 Bow Saw
34:16 Bodkin Arrow
34:36 Leather Archer Armor
35:00 Iron Casting
34:18 Arson
34:34 Squires
35:48 Hand Cart
35:18 Town Watch
35:40 Heavy Plow
42:19 Gold Mining
42:19 Stone Mining
45:17 Town Patrol
48:34 Imperial Age
48:51 Elite Gbeto
Dharos
10:59 Loom
14:51 Feudal Age
15:41 Double-Bit Axe
16:07 Fishing Lines
19:45 Castle Age
19:31 Wheelbarrow
18:54 Stone Mining
20:43 Gold Mining
21:06 Bow Saw
20:52 Gillnets
23:12 Hand Cart
24:44 Corvinian Army
27:49 Fletching
29:23 Horse Collar
33:10 Ballistics
34:32 Bodkin Arrow
34:40 Padded Archer Armor
38:26 Imperial Age
35:42 Town Watch
37:54 Bloodlines
37:45 Husbandry
38:46 Scale Barding Armor
39:30 Conscription
39:07 Elite Magyar Huszar
39:48 Recurve Bow
40:42 Bracer
42:42 Gold Shaft Mining
42:09 Heavy Plow
44:39 Two-Man Saw
44:42 Crop Rotation
44:31 Leather Archer Armor
45:13 Parthian Tactics
46:26 Ring Archer Armor
46:17 Chain Barding Armor
47:20 Chemistry
46:20 Heavy Cavalry Archer
49:34 Light Cavalry
dobry gracz2137
0:34 Loom
13:23 Feudal Age
14:11 Town Watch
16:04 Double-Bit Axe
18:09 Wheelbarrow
18:58 Stone Mining
19:56 Gold Mining
29:55 Fletching
30:11 Horse Collar
34:14 Castle Age
35:20 Heavy Plow
35:40 Elite Skirmisher
38:13 Bodkin Arrow
40:04 Gold Shaft Mining
39:13 Crossbowman
40:43 Ballistics
40:34 Town Patrol
41:56 Thumb Ring
43:01 Scale Mail Armor
43:15 Forging
43:11 Scale Barding Armor
42:34 Pikeman
49:20 Imperial Age
47:10 Hand Cart
47:38 Iron Casting
47:55 Squires
47:41 Arson
49:22 Arbalester
49:27 Capped Ram
49:31 Halberdier
50:21 Bracer
Jersey_TitanX
9:51 Loom
11:38 Feudal Age
12:05 Man-at-Arms
12:44 Double-Bit Axe
14:49 Arson
16:10 Scale Mail Armor
25:25 Castle Age
25:54 Crossbowman
27:01 Fletching
33:26 Wheelbarrow
32:58 Gold Mining
33:17 Horse Collar
34:04 Husbandry
34:15 Bloodlines
34:56 Bodkin Arrow
35:17 Bow Saw
35:47 Gold Shaft Mining
35:05 Pikeman
36:30 Stone Mining
39:33 Bloodlines
38:44 Light Cavalry
39:29 Husbandry
40:10 Padded Archer Armor
41:37 Heavy Plow
42:43 Ballistics
45:09 Imperial Age
44:51 Long Swordsman
45:14 Elite Composite Bowman
46:11 Bracer
46:26 Leather Archer Armor
46:22 Forging
46:28 Chain Mail Armor
46:26 Arbalester
49:01 Ring Archer Armor
49:34 Chemistry
48:45 Halberdier
Connection lost

Rejoining the realm…

Still unreachable

The connection could not be restored.

Session expired

The server has moved on; the page needs a fresh start.